 Dungeon Crawl Stone Soup version 0.17.1-1-g73c8601 (webtiles) character file.

1971 PossumBlood the Cleaver (level 9, -4/68 HPs)
             Began as a Formicid Fighter on Jan 7, 2016.
             Slain by an orc warrior
             ... wielding a +0 halberd
              (16 damage)
             ... on level 6 of the Dungeon.
             The game lasted 00:22:59 (6227 turns).

PossumBlood the Cleaver (Formicid Fighter)          Turns: 6227, Time: 00:23:00

Health: -4/68      AC: 21    Str: 24    XL:     9   Next: 43%
Magic:  8/8        EV:  5    Int:  8    God:
Gold:   394        SH:  9    Dex: 10    Spells: 0 memorised, 8 levels left

rFire  . . .     SeeInvis +     a - +1 war axe
rCold  . . .     Clarity  .     q - +0 plate armour
rNeg   . . .     SustAt   +     c - +0 shield
rPois  +         Gourm    .     (helmet unavailable)
rElec  .         Spirit   .     e - +2 cloak
rCorr  .         Warding  .     t - +0 pair of gloves
rMut   .         Stasis   +     m - +0 pair of boots
MR     .....                    (no amulet)
Stlth  ..........               v - ring of sustain attributes
                                j - -3 ring of slaying (curse)

@: not resistant to hostile enchantments, extremely unstealthy
A: permanent stasis, dig shafts and tunnels, four strong arms, antennae 3, slimy
green scales 1, low mp 1, poison resistance
a: Dig, Shaft Self


You were on level 6 of the Dungeon.
You were not hungry.

You visited 1 branch of the dungeon, and saw 6 of its levels.

You collected 394 gold pieces.

Inventory:

Hand Weapons
 a - a +1 war axe (weapon)
Missiles
 h - 3 tomahawks (quivered)
Armour
 c - a +0 shield (worn)
 e - a +2 cloak (worn)
 m - a +0 pair of boots (worn)
 p - a +0 large shield
 q - a +0 plate armour (worn)
 t - a +0 pair of gloves (worn)
Jewellery
 g - an uncursed ring of positive energy
 j - a cursed -3 ring of slaying (left hand)
 n - a +3 ring of dexterity
 v - a ring of sustain attributes (right hand)
Wands
 r - a wand of hasting (7)
Scrolls
 f - a scroll of magic mapping
 i - 2 scrolls of identify
Potions
 d - a potion of cure mutation
 k - 2 potions of brilliance
Comestibles
 l - a meat ration


   Skills:
 - Level 5.0 Fighting
 * Level 9.6 Axes
 + Level 7.4 Armour
 - Level 3.6 Shields


You had 8 spell levels left.
You didn't know any spells.

Dungeon Overview and Level Annotations

Branches:
Dungeon (6/15)
 Temple: D:4-7

Altars:
Ru
Trog
The Shining One

Shops:
D:4 (   D:5 (


Innate Abilities, Weirdness & Mutations

You are under a permanent stasis effect.
You can dig through walls and to a lower floor.
Your four strong arms can wield two-handed weapons with a shield.
You have a pair of large antennae on your head (SInv).
You are partially covered in slimy green scales (AC +2).
Your magical capacity is low (-10% MP).
Your system is resistant to poisons.


Message History

The crimson imp is severely wounded.
The crimson imp barely misses you.
The orc warrior hits you from afar with a halberd!
You hit the crimson imp.
The crimson imp is severely wounded.
The crimson imp hits you but does no damage.
The orc warrior hits you from afar with a halberd.
The crimson imp closely misses you.
You hit the crimson imp.
You kill the crimson imp!
The orc warrior hits you from afar with a halberd!
* * * LOW HITPOINT WARNING * * *
You are too injured to fight recklessly!
You are too injured to fight recklessly!
You are too injured to fight recklessly!
You are too injured to fight recklessly!
Drink which item? (? for menu, Esc to quit)
Okay, then.
The orc warrior hits you with a halberd!
You die...

{ #########.#
#..@ooooo.#
#.######### ## #.#
#.
#.##################
#..!................
####################


You could see an orc warrior, an orc priest and 3 orcs.

Vanquished Creatures
  Pikel (D:5)
  An ogre (D:5)
  Menkaure (D:5)
  An orc warrior (D:6)
  A gnoll sergeant (D:5)
  2 scorpions
  5 wights (D:6)
  2 crimson imps
  A jelly (D:5)
  A giant frog zombie (D:5)
  2 centaur zombies
  6 orc priests
  An iguana (D:6)
  A centaur skeleton (D:6)
  A giant frog skeleton (D:5)
  6 orc wizards
  A worker ant (D:4)
  A hound skeleton (D:5)
  8 gnolls
  9 adders
  2 oozes (D:2)
  4 worms
  A giant gecko (D:2)
  28 orcs
  2 ball pythons
  4 giant cockroaches
  7 hobgoblins
  7 jackals
  8 kobolds
  A ball python skeleton (D:5)
  9 bats
  A giant gecko skeleton (D:5)
  7 giant newts
  6 goblins
  3 quokkas
  6 rats
148 creatures vanquished.

Vanquished Creatures (others)
  2 slaves (D:5)
  An ogre (D:5)
  An orc wizard (D:5)
  A gnoll shaman (D:5)
  A worker ant (D:5)
  A gnoll (D:5)
  An adder (D:5)
8 creatures vanquished.

Grand Total: 156 creatures vanquished

Notes
Turn   | Place    | Note
--------------------------------------------------------------
     0 | D:1      | PossumBlood the Formicid Fighter began the quest for the Orb.
     0 | D:1      | Reached XP level 1. HP: 18/18 MP: 1/1
   132 | D:1      | Reached XP level 2. HP: 24/24 MP: 2/2
   629 | D:2      | Reached skill level 4 in Fighting
   629 | D:2      | Reached XP level 3. HP: 25/30 MP: 3/3
   859 | D:2      | Reached XP level 4. HP: 19/38 MP: 4/4
  1678 | D:2      | Reached XP level 5. HP: 38/43 MP: 5/5
  2076 | D:3      | Reached skill level 5 in Fighting
  2488 | D:3      | Reached XP level 6. HP: 48/51 MP: 6/6
  2669 | D:3      | Reached skill level 5 in Axes
  3066 | D:4      | Reached XP level 7. HP: 13/56 MP: 7/7
  3533 | D:4      | Found Besezaref's Weapon Emporium.
  3595 | D:4      | Reached skill level 6 in Axes
  3799 | D:5      | Entered Level 5 of the Dungeon
  4029 | D:5      | Noticed Menkaure
  4039 | D:5      | Killed Menkaure
  4181 | D:5      | Reached skill level 5 in Armour
  4292 | D:5      | Found Seuxeot's Antique Weapon Shoppe.
  4329 | D:5      | Noticed Pikel
  4343 | D:5      | Reached XP level 8. HP: 47/62 MP: 8/8
  4358 | D:5      | Killed Pikel
  4358 | D:5      | Reached skill level 8 in Axes
  4850 | D:5      | Found a sacrificial altar of Ru.
  4856 | D:5      | Found a glowing golden altar of the Shining One.
  5252 | D:5      | Reached XP level 9. HP: 41/68 MP: 9/9
  5739 | D:6      | Reached skill level 9 in Axes
  6036 | D:6      | Found a bloodstained altar of Trog.
  6160 | D:6      | Gained mutation: You are partially covered in slimy green scales (AC +2). [potion of mutation]
  6160 | D:6      | Gained mutation: Your magical capacity is low (-10% MP). [potion of mutation]
  6160 | D:6      | Gained mutation: Your system is resistant to poisons. [potion of mutation]
  6227 | D:6      | Slain by an orc warrior

Action                   |  1- 3 |  4- 6 |  7- 9 || total
-------------------------+-------+-------+-------++-------
Melee: War axe           |   100 |   257 |   301 ||   658
  Use: Potion            |     1 |     2 |     3 ||     6
       Scroll            |       |     9 |     3 ||    12
  Eat: Beef jerky        |       |     2 |     2 ||     4
       Bread ration      |       |     1 |     1 ||     2
       Meat ration       |       |       |     1 ||     1
       Chunk             |       |       |     1 ||     1
